[Event "1st Serbian League 2022"]
[Site "Vrnjacka Banja"]
[Date "2022.09.26"]
[Round "7.12"]
[White "Dimic, Pavle"]
[Black "Radovanovic, Mihajlo"]
[Result "0-1"]
[ECO "A85"]
[WhiteElo "2352"]
[BlackElo "2438"]
[Annotator "RC"]
[PlyCount "66"]
[EventDate "2022.09.20"]
[EventType "team-tourn"]
[EventCountry "SRB"]
[SourceTitle "playchess.com"]
[Source "ChessBase"]
[SourceQuality "1"]
[TimeControl "40/5400+30:1800+30"]

1. d4 e6 2. c4 f5 3. Nc3 Nf6 4. e3 Bb4 5. Bd2 O-O 6. Bd3 c6 7. Nge2 d6 8. Qc2 Ng4 9. f3 Nh6 10. O-O-O Nd7 11. g4 Kh8 12. h3 a6 13. e4 b5 14. Nf4 Nb6 15. cxb5 axb5 16. a3 fxe4 17. fxe4 e5 18. Nfe2 Bxc3 19. Qxc3 Nf7 20. Kb1 Bd7 21. Rhf1 Qe7 22. Rf2 c5 23. dxc5 dxc5 24. Bc2 Be6 25. Bb3 b4 26. axb4 cxb4 27. Qxb4 Qxb4 28. Bxb4 Bxb3 29. Bxf8 Bxd1 30. Rxf7 Bxe2 31. Bxg7+ Kg8 32. Rc7 Bd3+ 33. Kc1 Nc4 0-1

[Event "1st Serbian League 2022"]
[Site "Vrnjacka Banja"]
[Date "2022.09.26"]
[Round "7.13"]
[White "Sanal, Vahap"]
[Black "Indjic, Aleksandar"]
[Result "1/2-1/2"]
[ECO "E53"]
[WhiteElo "2595"]
[BlackElo "2628"]
[Annotator "TA"]
[PlyCount "88"]
[EventDate "2022.09.20"]
[EventType "team-tourn"]
[EventCountry "SRB"]
[SourceTitle "playchess.com"]
[Source "ChessBase"]
[SourceQuality "1"]
[TimeControl "40/5400+30:1800+30"]

1. d4 Nf6 2. c4 e6 3. Nc3 Bb4 4. e3 O-O 5. Bd3 d5 6. a3 Bxc3+ 7. bxc3 dxc4 8. Bxc4 c5 9. Nf3 Qc7 10. Be2 Nc6 {[%emt 0:04:20] E53: Nimzo-Indian: Rubinstein: Main Line (4...0-0 5 Nf3 d5 6 Bd3 c5 7 0-0).} 11. c4 Rd8 12. O-O Ne7 13. Bb2 b6 {[%emt 0:00:18] [#]} 14. Qb3 $146 ({Predecessor:} 14. Re1 Bb7 15. Qb3 Rac8 16. Rac1 Nf5 17. Red1 cxd4 18. exd4 Qf4 19. g3 Qe4 20. Qd3 {½-½ (39) Kozak,A (2354)-Blohberger,F (2448) Mumbai 2019}) 14... cxd4 15. exd4 Bb7 16. Ne5 Ng6 (16... Ne4 $5 ) 17. Nxg6 hxg6 18. a4 a5 19. Rfc1 Rab8 20. Qe3 Qd7 {[%emt 0:03:25] Prevents d5.} 21. Ra3 Bc6 22. Qg5 Nh7 (22... Re8 $14) 23. Qh4 $16 {[%emt 0:05:54] Black must now prevent Rh3.} g5 24. Qh5 {[%emt 0:00:19][%cal Od4d5] And now d5! would win.} Be4 {[%emt 0:00:04] Prevents d5.} 25. Bf1 Bf5 26. Rd1 Qc6 27. Re1 Qd6 28. Re5 (28. Qd1 $16) 28... Bg6 $2 (28... Nf6 $1 $15 {stays ahead.} 29. Qxg5 Ng4) 29. Qe2 Bf5 30. Rb3 g4 31. Reb5 $1 Nf6 32. Qe3 Bc2 33. Ra3 Bf5 34. Rab3 (34. d5 $1 $18) 34... Bc2 35. Ra3 (35. Rc3 $1 $16 Bxa4 36. Rg5) 35... Bf5 $18 36. d5 $1 Nd7 37. dxe6 Bxe6 {[%emt 0:07:06] [#]} 38. Rd3 (38. h3 $1 $18) 38... Qc6 {[%emt 0:00:07] [#]} (38... Qe7 $1 $14) 39. Qd2 ({White should try} 39. Rxd7 $1 $18 {[%cal Oe3g5][%mdl 512] Qg5! would kill now.} Bxd7 40. Rg5) 39... Qc7 $1 $14 (39... Bxc4 $2 40. Rd6 Qxd6 41. Qxd6 $18) 40. Rd6 ({Better is} 40. Re3 $14 Qf4 41. Qc3) 40... Nc5 $1 $11 {[%emt 0:01:42] The position is equal.} 41. Be5 {[%emt 0:05:27][%cal Od6e6] aiming for Rxe6! A strong pair of Bishops.} Rxd6 42. Qxd6 ({Much weaker is} 42. Bxd6 Rd8 43. Bxc7 Rxd2 $17) 42... Qxd6 43. Bxd6 Rc8 44. Rxb6 Nxa4 {[%emt 0:01:38] Weighted Error Value: White=0.28 (precise) /Black=0.20 (precise)} 1/2-1/2

[Event "1st Serbian League 2022"]
[Site "Vrnjacka Banja"]
[Date "2022.09.26"]
[Round "7.14"]
[White "Ivanisevic, Ivan"]
[Black "Gurel, Ediz"]
[Result "1-0"]
[ECO "D17"]
[WhiteElo "2547"]
[BlackElo "2437"]
[Annotator "TA"]
[PlyCount "147"]
[EventDate "2022.09.20"]
[EventType "team-tourn"]
[EventCountry "SRB"]
[SourceTitle "playchess.com"]
[Source "ChessBase"]
[SourceQuality "1"]
[TimeControl "40/5400+30:1800+30"]

1. d4 d5 2. c4 c6 3. Nf3 Nf6 4. Nc3 dxc4 5. a4 Bf5 6. Ne5 Nbd7 {[%emt 0:00:07] The main line 6...Nbd7 scores better than 6...e6.} 7. Nxc4 Nb6 8. Ne3 {[%emt 0:00:29] D17: Slav Defence: 5 a4 Bf5: Lines with 6 Nh4 and 6 Ne5.} e6 9. Nxf5 exf5 10. g3 {[%emt 0:00:10] The position is equal.} a5 {[%emt 0:01:23] [#]} 11. Bg2 $146 ({Predecessor:} 11. Bh3 g6 12. O-O Bg7 13. Bg5 h6 14. Bxf6 Qxf6 15. e3 Qe7 16. Qb3 Qb4 17. Qc2 {½-½ (46) Fridman,D (2633)-Bluebaum,M (2521) Baden-Baden 2014}) 11... g6 12. O-O Bg7 13. Bg5 O-O 14. e3 Qd6 15. Bxf6 Bxf6 16. Ra3 Rfd8 17. Qc2 Rac8 18. Rb3 c5 19. Nb5 Qb8 20. dxc5 Nd7 21. c6 bxc6 22. Nd4 Qd6 23. Rc3 {[%emt 0:10:12][%cal Rc3c6] Prevents Nc5.} c5 24. Nb5 Qb8 25. Rd3 Nb6 (25... c4 $5 26. Rd6 Be7 $14) 26. Rxd8+ Rxd8 27. b3 Nd7 28. Rd1 Ne5 29. Rd5 Rxd5 30. Bxd5 Qb6 31. h3 Kg7 32. Kg2 h5 33. Qd1 Qd8 34. f4 Nc6 35. Bf3 Qe8 36. Kf2 Nb4 37. Nd6 Qe7 38. Nc4 h4 39. gxh4 Bxh4+ 40. Ke2 Bf6 (40... Bg3 $11 {remains equal.}) 41. Qd6 ({Better is} 41. Nxa5 $16 {Hoping for Nc4.} Na2 42. Qd2) 41... Qa7 $11 42. Ne5 Be7 43. Qd7 Qa6+ 44. Nc4 Qf6 45. Qe8 Na2 46. Ne5 Bd6 47. Kd2 {[%emt 0:00:00] Black must now prevent Bd5.} Nb4 {[%emt 0:01:51] Prevents Bd5.} 48. h4 Na6 49. h5 (49. Bd5 $5 ) 49... Nc7 (49... c4 $11) 50. h6+ $1 $16 {[%emt 0:00:27] Black is on the road to losing.} Kxh6 (50... Kh7 $16 51. Qxf7+ Qxf7 52. Nxf7 Be7) 51. Nxf7+ $18 Kg7 {[%emt 0:00:03] [#]} 52. Qd7 $1 Qxf7 (52... Qb2+ $2 53. Ke1 Be7 54. Qxe7 $18) (52... Be7 $142) 53. Qxd6 {[%emt 0:00:07][%mdl 4096] Endgame KQB-KQN} Ne8 54. Qxc5 Nf6 55. Kc3 Qe6 56. b4 Qa2 57. bxa5 (57. Qe7+ Kh6 $16) 57... Qxa4 58. Kb2 Qd7 {[%emt 0:01:30] Inhibits Qe7+.} 59. Qc3 {[%emt 0:02:07] Inhibits Qd2+.} Qb5+ 60. Ka3 Qa6 (60... Qd7 $142 61. Kb4 Qd6+ 62. Kb5 Qb8+ 63. Ka6 Qd8) 61. Bc6 Kh7 62. Kb4 Ng4 63. Bb5 (63. Qc4 $142 Qa7 64. Qd4 Qb8+ 65. Ka4 Nxe3 66. Qxe3) 63... Qd6+ 64. Kc4 Qe6+ $2 {[%emt 0:00:26] [#]} (64... Qe7 {was called for.} 65. Bc6 Qc7) 65. Kc5 $1 {[%emt 0:00:31] Threatens to win with a6.} ({Weaker is} 65. Kb4 Qd6+ 66. Kb3 Qd1+ 67. Kb4 Qd6+ $18) 65... Nxe3 $2 (65... Nf6 66. Bc6 Nd7+ 67. Bxd7 Qxd7) 66. Qe5 Qf7 67. a6 Ng4 68. Qd6 {[%emt 0:00:15] aiming for Qd7.} Nf6 {[%emt 0:00:22] Inhibits Qd7.} 69. Kc6 {[%emt 0:01:17] Strongly threatening Qc7. Active counter play!} Qe8+ 70. Kb6 Qe3+ 71. Kb7 Ne4 72. Qc7+ Kh6 73. Qe5 g5 74. Qh8+ {[%emt 0:03:32] Weighted Error Value: White=0.07 (flawless) /Black=0.22 (precise)} 1-0

[Event "1st Serbian League 2022"]
[Site "Vrnjacka Banja"]
[Date "2022.09.26"]
[Round "7.15"]
[White "Markus, Robert"]
[Black "Perunovic, Milos"]
[Result "1/2-1/2"]
[ECO "E05"]
[WhiteElo "2615"]
[BlackElo "2542"]
[Annotator "TA"]
[PlyCount "60"]
[EventDate "2022.09.20"]
[EventType "team-tourn"]
[EventCountry "SRB"]
[SourceTitle "playchess.com"]
[Source "ChessBase"]
[SourceQuality "1"]
[TimeControl "40/5400+30:1800+30"]

1. d4 Nf6 2. c4 e6 3. Nf3 d5 4. g3 Be7 5. Bg2 O-O 6. O-O dxc4 7. Qc2 b5 8. a4 {[%emt 0:03:58] E05: Open Catalan: 5 Nf3 Be7.} Bb7 9. axb5 a6 10. Nc3 {[%emt 0:06:54] Prevents Be4. White is slightly better.} axb5 11. Rxa8 Bxa8 12. Nxb5 Bd5 13. Bf4 c5 14. dxc5 Qa5 15. Nc3 Qxc5 16. Nxd5 {[%emt 0:07:04] 16.Be3 is a critical line.} Nxd5 17. Bd2 Rc8 18. Rc1 Nd7 19. e3 {[%emt 0:05:30] [#]} Nb4 $146 ({Predecessor:} 19... Bf6 20. Bf1 N7b6 21. Qb1 Be7 22. Ne5 c3 23. bxc3 Qc7 24. Nf3 Nc4 25. Be1 Ndb6 {½-½ (63) Vidit,S (2723)-Nakamura,H (2766) Chess.com INT 2022}) 20. Qe4 Nd3 21. Rc2 Nf6 {[%emt 0:07:37] Pair of Knights!} 22. Qd4 e5 23. Qxc5 Rxc5 24. Ng5 g6 {[%emt 0:06:49] The position is equal.} 25. Ne4 Nxe4 26. Bxe4 f5 27. Bb7 e4 28. Ba6 Kg7 29. Rxc4 Rxc4 30. Bxc4 {[%emt 0:00:00] [#] Black must now prevent Bc3+.} Nxb2 {[%emt 0:00:28] Weighted Error Value: White=0.03 (flawless) /Black=0.03 (flawless)} 1/2-1/2

[Event "1st Serbian League 2022"]
[Site "Vrnjacka Banja"]
[Date "2022.09.26"]
[Round "7.16"]
[White "Miljkovic, Miroslav D"]
[Black "Solak, Dragan"]
[Result "0-1"]
[ECO "A21"]
[WhiteElo "2456"]
[BlackElo "2592"]
[Annotator "TA"]
[PlyCount "49"]
[EventDate "2022.09.20"]
[EventType "team-tourn"]
[EventCountry "SRB"]
[SourceTitle "playchess.com"]
[Source "ChessBase"]
[SourceQuality "1"]
[TimeControl "40/5400+30:1800+30"]

1. d4 d6 2. c4 e5 3. Nf3 e4 4. Ng5 f5 5. Nc3 Nf6 6. h4 Be7 {[%emt 0:02:14] A21: English Opening: 1...e5 2 Nc3.} 7. Nh3 O-O 8. Bf4 c6 {[%emt 0:19:38] The position is equal.} 9. e3 Na6 10. Be2 Nc7 {[%emt 0:00:07] [#]} 11. Qc2 $146 ({Predecessor:} 11. Bg3 Ne6 12. d5 Nc5 13. b4 Na6 14. Rb1 Nc7 15. Nf4 Qe8 16. O-O Qf7 17. Qd2 {0-1 (38) Bouget,A (2224)-Kuipers,S (2401) Chess.com INT 2017}) 11... Be6 12. h5 h6 13. Bg3 Bf7 14. Nf4 Qd7 15. Rc1 (15. Ng6 {is more complex.} Rfc8 16. Bh4 Rab8 17. Bxf6 Bxf6 18. g4) 15... Rfc8 16. Qd1 b5 17. b3 a6 18. O-O d5 19. c5 (19. Ng6 $11 {remains equal.}) 19... Ne6 20. Nxe6 Qxe6 21. Be5 Ng4 22. Bxg4 fxg4 23. f4 $2 {[%emt 0:00:49][%mdl 8192] [#]} (23. Ne2 $17 {is more resistant.}) 23... gxf3 $1 $19 24. gxf3 Bxh5 {[%emt 0:00:17] White must now prevent ...Qg6+.} 25. Qe1 {[%emt 0:00:00] Weighted Error Value: White=0.44/Black=0.04 (flawless)} 0-1

[Event "1st Serbian League 2022"]
[Site "Vrnjacka Banja"]
[Date "2022.09.26"]
[Round "7.17"]
[White "Kovacevic, Aleksandar"]
[Black "Kosic, Dragan"]
[Result "1/2-1/2"]
[ECO "C13"]
[WhiteElo "2471"]
[BlackElo "2399"]
[Annotator "TA"]
[PlyCount "33"]
[EventDate "2022.09.20"]
[EventType "team-tourn"]
[EventCountry "SRB"]
[SourceTitle "playchess.com"]
[Source "ChessBase"]
[SourceQuality "1"]
[TimeControl "40/5400+30:1800+30"]

1. e4 e6 2. d4 d5 3. Nc3 Nf6 4. Bg5 dxe4 5. Nxe4 Be7 6. Bxf6 Bxf6 7. Nf3 Bd7 8. Qd2 Be7 {[%emt 0:00:51] [#] C13: French: Classical System: 4 Bg5 Be7, Alekhine-Chatard Attack.} 9. Qf4 $146 ({Predecessor:} 9. Ne5 Nc6 10. O-O-O Bd6 11. f4 Qe7 12. g3 O-O-O 13. Bg2 Bxe5 14. fxe5 Be8 15. Qc3 Qb4 16. Qxb4 Nxb4 {½-½ (72) Rodi,L (2319)-Maia,L (2372) Sao Paulo 2007}) 9... Bc6 10. Ne5 {[%emt 0:01:29][%csl Ge5][%cal Rf4f7] [#] Pair of Knights!} O-O 11. Bd3 Nd7 12. Nxc6 bxc6 {[%emt 0:00:09] The position is equal.} 13. O-O Rb8 14. b3 c5 15. Nxc5 Nxc5 16. dxc5 Bxc5 17. Rad1 {[%emt 0:00:27] An even fight not without its subleties.  Weighted Error Value: White=0.08 (flawless) /Black=0.07 (flawless)} 1/2-1/2

[Event "1st Serbian League 2022"]
[Site "Vrnjacka Banja"]
[Date "2022.09.26"]
[Round "7.18"]
[White "Laketic, Gojko"]
[Black "Brenjo, Slavisa"]
[Result "1/2-1/2"]
[ECO "E92"]
[WhiteElo "2255"]
[BlackElo "2409"]
[Annotator "TA"]
[PlyCount "61"]
[EventDate "2022.09.20"]
[EventType "team-tourn"]
[EventCountry "SRB"]
[SourceTitle "playchess.com"]
[Source "ChessBase"]
[SourceQuality "1"]
[TimeControl "40/5400+30:1800+30"]

1. d4 Nf6 2. c4 g6 3. Nc3 Bg7 4. e4 d6 5. Nf3 O-O 6. Be2 e5 7. d5 a5 8. Bg5 h6 9. Bh4 Na6 10. Nd2 Qe8 11. Rb1 Bd7 12. O-O Nh7 13. b3 h5 14. f3 Bh6 15. a3 Nc5 16. Qc2 {[%emt 0:01:52] E92: King's Indian: Classical: 6 Be2 e5: 7 dxe5, 7 Be3 and Petrosian System without 7...Nbd7.} Be3+ 17. Kh1 Bd4 18. Nb5 Bxb5 19. cxb5 f5 20. b4 (20. exf5 $16 gxf5 21. Rbd1) 20... axb4 $11 21. axb4 Na4 22. Rb3 {[%emt 0:00:08] [#] Prevents Nc3.} ({Reject} 22. Qxc7 Nc3 23. Rbe1 Nxe2 24. Rxe2 Qxb5 $11) 22... Qf7 $146 (22... Nb6 $11 {keeps the balance.}) ({Predecessor:} 22... Qd7 23. Bf2 Nf6 24. Bxd4 exd4 25. Qc4 Nc3 26. Bd3 fxe4 27. fxe4 Ng4 28. Rxf8+ Rxf8 29. Qxd4 Nxb5 {0-1 (39) Hagen,A (2084)-Guttulsrud,O (2110) Oslo 2011}) 23. Ra3 ({White should play} 23. exf5 $16 gxf5 24. f4) 23... Nb6 24. Ra5 (24. Rxa8 $14 Rxa8 25. exf5) 24... g5 25. Be1 f4 26. Nb3 Be3 27. Bd2 Bxd2 28. Nxd2 Rab8 29. Rc1 Rfc8 (29... Qd7 $11) 30. Ra3 Nf6 (30... Qd7 $11) 31. Qd1 {[%emt 0:05:02] Weighted Error Value: White=0.17 (very precise) /Black=0.18 (very precise)} (31. Ra7 $1 $14) 1/2-1/2

[Event "1st Serbian League 2022"]
[Site "Vrnjacka Banja"]
[Date "2022.09.26"]
[Round "7.19"]
[White "Predojevic, Borki"]
[Black "Krstulovic, Alex"]
[Result "1/2-1/2"]
[ECO "D02"]
[WhiteElo "2584"]
[BlackElo "2411"]
[Annotator "TA"]
[PlyCount "45"]
[EventDate "2022.09.20"]
[EventType "team-tourn"]
[EventCountry "SRB"]
[SourceTitle "playchess.com"]
[Source "ChessBase"]
[SourceQuality "1"]
[TimeControl "40/5400+30:1800+30"]

1. Nf3 d5 2. g3 Nc6 3. d4 Bf5 4. Bg2 Nb4 5. Na3 e6 6. Nh4 {[%emt 0:00:04] D02: 1 d4 d5 2 Nf3 sidelines, including 2...Nf6 3 g3 and 2...Nf6 3 Bf4.} Bg4 7. c3 Nc6 8. Qb3 Rb8 9. e4 dxe4 10. Bxe4 Be7 11. Nc4 {[%emt 0:00:03] [#]} (11. h3 {seems wilder.} Nf6 12. Bxc6+ bxc6 13. Qc4) 11... Bh3 $146 ({Predecessor:} 11... Nf6 12. Bg2 O-O 13. O-O Nd5 14. Nf3 Bxf3 15. Bxf3 Bg5 16. Re1 Bxc1 17. Raxc1 b5 {½-½ (113) Praggnanandhaa,R (2602)-Saric,I (2655) Caleta 2020}) 12. Ng2 Nf6 13. Bf3 Bg4 14. Bxg4 Nxg4 15. a4 a6 16. O-O b5 17. axb5 axb5 18. Nce3 Nf6 19. Ra6 Qd7 20. Rd1 {[%emt 0:14:07] Threatening d5.} Bd6 $1 {[%emt 0:10:51] The position is equal.} 21. d5 Ne5 22. dxe6 Nf3+ 23. Kh1 {[%emt 0:20:34] Weighted Error Value: White=0.02 (flawless) /Black=0.01 (flawless)} 1/2-1/2

[Event "1st Serbian League 2022"]
[Site "Vrnjacka Banja"]
[Date "2022.09.26"]
[Round "7.20"]
[White "Sedlak, Nikola"]
[Black "Bogosavljevic, Boban"]
[Result "1/2-1/2"]
[WhiteElo "2466"]
[BlackElo "2533"]
[Annotator "TA"]
[PlyCount "35"]
[EventDate "2022.09.20"]
[EventType "team-tourn"]
[EventCountry "SRB"]
[SourceTitle "playchess.com"]
[Source "ChessBase"]
[SourceQuality "1"]
[TimeControl "40/5400+30:1800+30"]

1. Nf3 Nf6 2. c4 c5 3. Nc3 Nc6 4. e3 e6 5. d4 d5 6. a3 a6 7. dxc5 Bxc5 8. b4 Ba7 9. Bb2 O-O 10. Qc2 {[%emt 0:02:31] [#]} {Predecessor:} Bd7 $146 {D40: Queen's Gambit Declined: Semi-Tarrasch with 5 e3.} 11. Rd1 Rc8 12. g4 Nxg4 13. Rg1 Nge5 14. Be2 Nxf3+ 15. Bxf3 Ne5 16. Be2 dxc4 17. Ne4 c3 18. Bxc3 {1-0 (50) Duda,J (2743)-So,W (2770) Chess.com INT 2020} 1/2-1/2

[Event "1st Serbian League 2022"]
[Site "Vrnjacka Banja"]
[Date "2022.09.26"]
[Round "7.21"]
[White "Vuckovic, Bojan"]
[Black "Popovic, Dusan"]
[Result "1/2-1/2"]
[ECO "B60"]
[WhiteElo "2559"]
[BlackElo "2486"]
[Annotator "TA"]
[PlyCount "54"]
[EventDate "2022.09.20"]
[EventType "team-tourn"]
[EventCountry "SRB"]
[SourceTitle "playchess.com"]
[Source "ChessBase"]
[SourceQuality "1"]
[TimeControl "40/5400+30:1800+30"]

1. e4 c5 2. Nf3 d6 3. d4 cxd4 4. Nxd4 Nf6 5. Nc3 a6 6. Bg5 e6 7. f4 Qb6 8. Qd2 Nc6 9. Bxf6 gxf6 10. Nb3 Bd7 11. O-O-O O-O-O {[%emt 0:00:17] B60: Sicilian: Richter-Rauzer: Unusual Black 6th moves and 6...Bd7 without 7 Qd2.} 12. Be2 h5 13. Rhf1 Kb8 {[%emt 0:00:48] White is slightly better.} 14. Kb1 Ne7 {[%emt 0:01:09] [#]} 15. Rf3 $146 (15. Nd4 $5 ) ({Predecessor:} 15. f5 Nc6 16. fxe6 fxe6 17. Rxf6 Ne5 18. Nd4 Bg7 19. Rxe6 Bxe6 20. Nxe6 Rd7 21. Nd5 {½-½ (48) Brkic,A (2565)-Sprenger,J (2490) Biograd 2018}) 15... f5 16. Rd3 ({Of course not} 16. Qxd6+ Qxd6 17. Rxd6 Nd5 $1 18. Rxd5 exd5 19. exd5 Rg8 $11) 16... Bc6 (16... Be8 $1 $11 {keeps the balance.}) 17. Rxd6 $16 Rxd6 18. Qxd6+ Ka7 {[%emt 0:27:08] [#]} (18... Qc7 $16) 19. Bf3 (19. a4 $1 $18 {[%cal Ra4a5] is more deadly. Strongly threatening a5.} fxe4 20. Qe5) 19... Ng6 20. Qd2 {[%emt 0:06:30] White is more active.} Bh6 (20... Nh4 $142) 21. exf5 ({Weaker is} 21. Bxh5 Bxf4 22. Qe2 Bxh2 23. Bxg6 fxg6 $11) ({White should play} 21. g3) 21... Bxf4 22. Qe2 exf5 23. Bxc6 Qxc6 24. g3 Be5 25. Nd5 Rd8 26. c4 Kb8 27. a3 Re8 {[%emt 0:03:52] Weighted Error Value: White=0.21 (precise) /Black=0.20 (precise)} ({Better is} 27... Rc8) 1/2-1/2

[Event "1st Serbian League 2022"]
[Site "Vrnjacka Banja"]
[Date "2022.09.26"]
[Round "7.22"]
[White "Boskovic, Drasko"]
[Black "Roganovic, Milos"]
[Result "1/2-1/2"]
[ECO "B51"]
[WhiteElo "2415"]
[BlackElo "2487"]
[Annotator "TA"]
[PlyCount "46"]
[EventDate "2022.09.20"]
[EventType "team-tourn"]
[EventCountry "SRB"]
[SourceTitle "playchess.com"]
[Source "ChessBase"]
[SourceQuality "1"]
[TimeControl "40/5400+30:1800+30"]

1. e4 c5 2. Nf3 d6 3. Bb5+ Nd7 4. O-O a6 5. Bd3 Ngf6 6. a4 {[%emt 0:00:06] B51: Sicilian: Moscow Variation (3 Bb5+) without 3...Bd7.} g6 7. c3 Bg7 8. Bc2 {[%emt 0:01:17] White has an edge.} Ne5 9. Nxe5 dxe5 {[%emt 0:00:30] [#]} 10. Na3 $146 ({Predecessor:} 10. d3 O-O 11. a5 Qc7 12. Nd2 Rd8 13. h3 Be6 14. Qe2 Nh5 15. Nc4 Nf4 16. Qf3 Bxc4 17. dxc4 {½-½ (39) Nguyen,V (2311)-Nguyen,H (2460) Can Tho 2012}) 10... Be6 11. Bb3 Bxb3 12. Qxb3 O-O 13. Qxb7 Qd6 $1 {[%emt 0:21:08] [#] ...Rfb8 is the strong threat.} 14. Nc4 Qe6 15. d3 Rfb8 16. Qc7 Nxe4 $1 17. Be3 Rc8 18. Qb6 {[%emt 0:05:16] [#] Hoping for Qxe6.} Nd6 19. b4 cxb4 ({Don't play} 19... Nxc4 20. Qxe6 fxe6 21. dxc4 $14) 20. cxb4 Rcb8 ({But not} 20... Nxc4 21. Qxe6 fxe6 22. dxc4 $14) 21. Qc6 Rc8 22. Qb6 Rcb8 ({Resist} 22... Nxc4 23. Qxe6 fxe6 24. dxc4 $14) (22... e4 $5 23. Ra3 Rcb8 $15) 23. Qc6 Rc8 {[%emt 0:00:41] Weighted Error Value: White=0.08 (flawless) /Black=0.08 (flawless)} (23... e4 $15 {is more appropriate.} 24. Nb6 Bxa1 25. Nxa8 Bf6) 1/2-1/2

[Event "1st Serbian League 2022"]
[Site "Vrnjacka Banja"]
[Date "2022.09.26"]
[Round "7.23"]
[White "Zajic, Milan"]
[Black "Zegarac, Vuk"]
[Result "1/2-1/2"]
[ECO "B12"]
[WhiteElo "2402"]
[BlackElo "2336"]
[Annotator "TA"]
[PlyCount "71"]
[EventDate "2022.09.20"]
[EventType "team-tourn"]
[EventCountry "SRB"]
[SourceTitle "playchess.com"]
[Source "ChessBase"]
[SourceQuality "1"]
[TimeControl "40/5400+30:1800+30"]

1. e4 c6 2. d4 d5 3. e5 c5 4. Nf3 cxd4 5. Qxd4 Nc6 6. Qf4 {[%emt 0:00:07] B12: Caro-Kann: Advance Variation.} e6 7. Nc3 {[%emt 0:00:10] [#]} Bb4 $146 ({Black should play} 7... Nb4 $11 8. Kd1 (8. Ng5 Nh6 $11) (8. Bb5+ Bd7 $11) 8... a6) ({Predecessor:} 7... Nb4 8. Bd3 Nxd3+ 9. cxd3 Ne7 10. h4 h6 11. h5 Bd7 12. Bd2 Rc8 13. O-O Nf5 {½-½ (43) Fier,A (2567)-Vallejo Pons,F (2702) Chennai 2022}) 8. a3 ({White should try} 8. Bd3 $14) 8... Bxc3+ $11 9. bxc3 Nge7 10. Bd3 Qc7 11. O-O Ng6 12. Bxg6 fxg6 (12... hxg6 $11 13. a4 b6) 13. a4 $1 $14 b6 14. Ba3 {[%emt 0:01:41] aiming for c4.} Ba6 {[%emt 0:07:14] Against c4} 15. Rfe1 h6 {[%emt 0:02:40] Prevents Ng5.} 16. Nd4 (16. a5 $16) 16... Nxd4 17. cxd4 Qf7 (17... g5 $14 18. Qg4 Kf7) 18. Qd2 $16 {[%emt 0:00:31] White is more active.} Bc4 19. a5 (19. Re3 $142) 19... b5 (19... Qd7 $16) 20. Re3 $18 O-O-O 21. Rf3 Qd7 22. Bd6 Kb7 23. h4 {[%emt 0:03:29] Against g5} g5 (23... Ka6 $16 24. Bc5 Rh7) 24. hxg5 hxg5 25. a6+ ({Much less strong is} 25. Qxg5 $6 Ka6 26. Rf4 Qe8 $18) 25... Ka8 {[%emt 0:00:45] Hoping for ...g4.} 26. Qxg5 Be2 {[%emt 0:01:30] White is clearly better.} 27. Rf4 Rh5 {[%emt 0:06:41] [#]} 28. Qxd8+ Qxd8 29. Rf8 {[%emt 0:00:00] Really sharp!} Qxf8 30. Bxf8 {[%emt 0:00:00][%mdl 4096] Endgame KRB-KRB} Rh4 31. Re1 ({Resist} 31. Bxg7 $6 Rxd4 32. f3 Rc4 $14) 31... Bc4 32. c3 ({Don't play} 32. Bxg7 Rxd4 33. Bf8 b4 $16) 32... b4 33. Bxb4 Bxa6 34. Re3 Rf4 (34... g5 $16 {was necessary.} 35. Be7 Rh7) 35. Rh3 Bc8 36. Rh8 {[%emt 0:00:54] Weighted Error Value: White=0.09 (flawless) /Black=0.21 (precise)} 1/2-1/2